AoeStats
← paikiturbo

Oasis

509247947Analyzed
3v3 RM · 7d ago on Sep 26, 2026· 9m 10s· 6 players
Game mode
Random Map
Map size
Normal (6 player)
Population
200
Speed
Normal
Resources
Standard
Victory
Conquest
Starting age
Dark Age
Ending age
Imperial Age
RankedLock teamsTeams togetherTeam positionsShared explorationLock speedFull tech treeHidden civsTurbo modeCheats
Victory
Defeat
🇦🇷 Franks · Argentina
1171
+13
🇦🇷 Varangians · Argentina
1140
+14
🇦🇷 Saracens · Argentina
970
+22
🇷🇺 Slavs · Russia
1122
-17
🇺🇸 Saxons · United States
1111
-17
🇺🇸 Magyars · United States
1070
-15
IzzyPizzy
7:51 Loom
10:33 Feudal Age
paikiturbo
3:19 Loom
10:39 Feudal Age
John_Salchichon
0:55 Loom
11:09 Feudal Age
Jalapeño Horsey
7:07 Loom
9:54 Feudal Age
MaseSump15
4:42 Loom
Gas
7:44 Loom
10:03 Feudal Age
Connection lost

Rejoining the realm…

Still unreachable

The connection could not be restored.

Session expired

The server has moved on; the page needs a fresh start.